 Dungeon Crawl Stone Soup version 0.32-a0-599-gba8f9cf90e (webtiles) character file.

Game seed: 9355375779349992993

44 CougarLife the Magician (level 3, -3/28 HPs)
             Began as a Djinni Fire Elementalist on Mar 3, 2024.
             Slain by Natasha (8 damage)
             ... on level 2 of the Dungeon.
             The game lasted 00:03:01 (1279 turns).

CougarLife the Magician (Djinni Fire Elementalist)  Turns: 1279, Time: 00:03:02

Health: -3/28      AC:  2    Str:  7    XL:     3   Next: 85%
Gold:   57         EV: 12    Int: 18    God:
                   SH:  0    Dex: 13

rFire   + + .        f - +4 dagger (venom)
rCold   x . .        (no shield)
rNeg    . . .        a - +0 robe
rPois   ∞            (no helmet)
rElec   .            (no cloak)
rCorr   .            (no gloves)
SInv    .            (boots unavailable)
Will    .....        (no amulet)
Stlth   ++           (no ring)
HPRegen 0.24/turn    (no ring)
MPRegen 0.00/turn

%: infuse magic (-4 HP)
@: flying, very slightly contaminated, slowed, very slow
A: sickness immunity, fire resistance 2, cold vulnerability 1, float, innate
caster, HP casting, extra vitality 1
a: no special abilities


You were on level 2 of the Dungeon.
You visited 1 branch of the dungeon, and saw 2 of its levels.

You collected 57 gold pieces.

Inventory:

Hand Weapons
 f - a +4 dagger of venom (weapon)
Armour
 a - a +0 robe (worn)
Scrolls
 b - 2 scrolls of blinking {unknown}
 c - a scroll of fog {unknown}
 g - a scroll of immolation {unknown}
 h - a scroll of revelation {unknown}
Potions
 d - a potion of attraction {unknown}
 e - a potion of brilliance {unknown}


   Skills:
 + Level 1.9 Fighting
 - Level 2.1 Dodging
 - Level 1.5 Stealth
 + Level 3.7 Spellcasting
 + Level 3.7 Conjurations
 + Level 3.7 Hexes
   Level 0.0 Charms
 + Level 3.7 Summonings
 + Level 3.7 Necromancy
 + Level 3.7 Translocations
   Level 0.0 Transmutations
 + Level 3.7 Fire Magic
 + Level 3.7 Ice Magic
 + Level 3.7 Air Magic
 + Level 3.7 Earth Magic
 + Level 3.7 Alchemy


You knew the following spells:

 Your Spells              Type           Power      Damage    Failure   Level
a - Foxfire               Conj/Fire      64%        2x1d7     3%          1
b - Scorch                Fire           32%        2d6       4%          2
c - Volatile Blastmotes   Fire/Tloc      32%        2d12      10%         3
d - Inner Flame           Hex/Fire       16%        N/A       10%         3
e - Flame Wave            Conj/Fire      16%        2d7       32%         4
f - Sting                 Conj/Alch      64%        1d7       3%          1
Your spell library was empty.

Dungeon Overview and Level Annotations

Branches:
Dungeon (2/15)

Altars:

Annotations:
D:2 Natasha


Innate Abilities, Weirdness & Mutations

You are immune to sickness and miasma.
You are immune to poison.
Your flesh is very heat resistant. (rF++)
You are vulnerable to cold. (rC-)
You float through the air rather than walking.
You learn spells naturally, not from books.
Your magical power is your life essence.
You have superior vitality. (+4 MHP)


Message History

Confirm with . or Enter, or press ? or * to list all spells.
A cloud of volatile blastmotes flares up around you!
Run!
Natasha, Servant of Life and Death comes into view.
The hobgoblin closely misses you.
You completely miss the hobgoblin.
The cloud of blastmotes explodes!
The concussive blast engulfs you. You resist.
The concussive blast engulfs the hobgoblin!
You kill the hobgoblin!
You hear an angry hiss.
Things that are here:
a hobgoblin corpse; a frilled lizard corpse Natasha hisses angrily.
Natasha stares at you and mumbles some strange words.
You feel yourself slow down.
Casting: Volatile Blastmotes (quite dangerous; 10% risk of failure)
Confirm with . or Enter, or press ? or * to list all spells.
Flames lash Natasha.
Natasha is moderately wounded.
Natasha's fire resistance burns away.
Natasha howls an incantation.
You feel disoriented.
Natasha casts a spell.
A quokka comes into view.
Natasha stares at you and mumbles some strange words.
The magic dart hits you.
* * * LOW HITPOINT WARNING * * *
Casting: Scorch (safe; 4% risk of failure)
Confirm with . or Enter, or press ? or * to list all spells.
Flames lash Natasha.
Natasha is burned terribly!
Natasha is almost dead.
* * * LOW HITPOINT WARNING * * *
Casting: Scorch (safe; 4% risk of failure)
Confirm with . or Enter, or press ? or * to list all spells.
You miscast Scorch.
You are very lightly contaminated with residual magic.
Nothing appears to happen.
* * * LOW HITPOINT WARNING * * *
Natasha claws you!
You die...
Natasha begins licking her fur clean.

.# #.#.# # #.......
.##.#.#.# ........
#.#.#.## ......#
..##.#.#.## ..#
.....r.†.@### ...##
...#.#.#.#h.##
#.......#
.....##..###.......#
.......#.............#
#.......#.............#
#.......#......##.....#
#.......#......##.....#
##.......####..###....#
#......# ##.###....####


You could see Natasha (combustible) and a quokka.

Vanquished Creatures
  An adder (D:2)
  4 ball pythons
  6 bats
  4 endoplasms
  2 giant cockroaches (D:1)
  3 goblins
  3 hobgoblins (D:2)
  3 kobolds
  A quokka (D:1)
  2 frilled lizards
  3 rats (D:1)
32 creatures vanquished.

Vanquished Creatures (others)
  29 foxfires (D:1)
29 creatures vanquished.

Grand Total: 61 creatures vanquished

Notes
Turn   | Place    | Note
-------+----------+-------------------------------------------
     0 | D:1      | CougarLife the Djinni Fire Elementalist began the quest for
                  | the Orb.
     0 | D:1      | CougarLife set off with the following spells memorised:
                  | Foxfire, Scorch, Volatile Blastmotes, Inner Flame, Flame
                  | Wave.
     0 | D:1      | Reached XP level 1. HP: 15/15 MP: 0/0
   136 | D:1      | Reached XP level 2. HP: 20/21 MP: 0/0
   571 | D:1      | Reached skill level 1 in Fighting
   661 | D:1      | Reached XP level 3. HP: 27/27 MP: 0/0
   661 | D:1      | Learned a level 1 spell: Sting
  1272 | D:2      | Noticed Natasha
  1279 | D:2      | Slain by Natasha

Illustrated notes

Levels and vault maps discovered:
D:1:      nzn_arrival_settlement, layout_loops_ring
D:2:      layout_basic, st_stairs_12, patterned_corridor, uniq_natasha

Skill      XL: |  1  2 |
---------------+-------+-----
Fighting       | 1 |  1.9
Dodging        | |  2.1
Stealth        | |  1.5
Spellcasting   | |  3.7
Conjurations   | |  3.7
Hexes          | |  3.7
Summonings     | |  3.7
Necromancy     | |  3.7
Translocations | |  3.7
Fire Magic     | |  3.7
Ice Magic      | |  3.7
Air Magic      | |  3.7
Earth Magic    | |  3.7
Alchemy        | |  3.7

Action                     || total
---------------------------++-------
  Melee: Dagger            ||    40
   Cast: Foxfire           ||    25
         Scorch            ||     9
         Volatile Blastmot ||     2
   Stab: Sleeping          ||     2
 Armour: Robe              ||    31
  Dodge: Dodged            ||    37

Table legend: (Time is in decaauts)
 A = Elapsed time spent in this place.
 B = Non-inter-level travel time spent in this place.
 C = Inter-level travel time spent in this place.
 D = Time resting spent in this place.
 E = Time spent auto-exploring this place.
 F = Levels seen in this place.
 G = Mean time per level.
                   A        B        C        D        E       F      G
               +--------+--------+--------+--------+--------+-----+--------+
         Total |   1278 |   1254 |     24 |    270 |    687 |   2 |  639.0 |
       Dungeon |   1278 |   1254 |     24 |    270 |    687 |   2 |  639.0 |
               +--------+--------+--------+--------+--------+-----+--------+

Top non-repeatable levels by time:
     D:1: 1150 daAuts
     D:2: 128 daAuts
